 Dungeon Crawl Stone Soup version 0.24-a0-459-g225fefd530 (webtiles) character file.

Game seed: 11823747809373217692

259 Gargoyl the Skirmisher (level 5, -1/70 HPs)
             Began as a Centaur Abyssal Knight on June 29, 2019.
             Was a Believer of Lugonu.
             Slain by an orc priest
             ... wielding a +1 flail of protection
              (2 damage)
             ... on level 3 of the Dungeon.
             The game lasted 00:04:29 (3133 turns).

Gargoyl the Skirmisher (Centaur Abyssal Knight)     Turns: 3133, Time: 00:04:29

Health: -1/70      AC:  7    Str: 20    XL:     5   Next: 94%
Magic:  7/7        EV:  9    Int: 11    God:    Lugonu [**....]
Gold:   190        SH:  0    Dex:  9    Spells: 4/4 levels left

rFire    . . .     SeeInvis .   a - +2 hand axe
rCold    + . .     Gourm    .   (no shield)
rNeg     . . .     Faith    .   i - +1 ring mail
rPois    .         Spirit   .   (no helmet)
rElec    .         Reflect  .   (no cloak)
rCorr    .         Harm     .   (no gloves)
MR       .....                  (no barding)
Stlth    ..........             (no amulet)
HPRegen  0.21/turn              h - ring of protection from cold
MPRegen  0.10/turn              (no ring)

@: berserking, very quick
A: large, hooves 3, deformed body, speed 2, tough skin 3
a: Depart the Abyss, Bend Space, Renounce Religion


You were on level 3 of the Dungeon.
You worshipped Lugonu.
Lugonu was pleased with you.
You were hungry.

You visited 1 branch of the dungeon, and saw 4 of its levels.
You visited the Abyss 1 time.

You collected 190 gold pieces.

Inventory:

Hand Weapons
 a - a +2 hand axe (weapon)
Armour
 i - a +1 ring mail (worn)
Jewellery
 h - a ring of protection from cold (left hand)
 l - a +6 ring of strength {unknown}
Wands
 o - a wand of paralysis (9)
Scrolls
 g - 4 scrolls of magic mapping
 p - a scroll of fear {unknown}
Potions
 d - 3 potions of degeneration {unknown}
 e - a potion of resistance {unknown}
 f - 2 potions of lignification {unknown}
 j - a potion of heal wounds
 k - a potion of curing {unknown}
 m - a potion of cancellation {unknown}
 n - a potion of brilliance {unknown}
Comestibles
 c - 4 rations


   Skills:
 + Level 4.4 Fighting
 + Level 2.8 Axes
 * Level 2.8 Armour
 * Level 1.2 Dodging
 * Level 2.9 Invocations


You had 4 spell levels left.
You didn't know any spells.
Your spell library was empty.

Dungeon Overview and Level Annotations

Branches:
Dungeon (4/15)
 Temple: D:4-7

Altars:
The Shining One


Innate Abilities, Weirdness & Mutations

You have hooves in place of feet.
Armour fits poorly on your strangely shaped body.
You cover ground very quickly.
You have extremely tough skin. (AC +3)


Message History

The orc priest looks satisfied for a moment.
You barely miss the orc priest.
The orc priest is severely wounded.
You hit the orc but do no damage. You closely miss the orc priest.
The orc hits you with a +0 mace.
* * * LOW HITPOINT WARNING * * *
Unknown command.
You closely miss the orc priest. Your kick misses the orc priest.
The orc priest is severely wounded.
You hit the orc priest. You hit the orc.
The orc priest hits you with a +1 flail of protection!
* * * LOW HITPOINT WARNING * * *
The orc priest hits you but does no damage.
Unknown command.
You hit the orc priest. Your kick misses the orc priest.
The orc priest is almost dead.
You hit the orc. You slash the orc priest! The orc closely misses you.
The orc priest hits you but does no damage.
The orc priest hits you with a +1 flail of protection.
You die...

#..# ..... #..# .. ##
###. #..# ... .### #.
#.<# ... .... #. #..# #..
..# # ## #..# #.# #.# .#
# #.## #.# #(###..### #.
#
#.#######.#####.oo......
#. ##
#...............@o...#
##.####.
#.#######.###.##.##.##
.(...^. #.# #.###.##...
..###. #.. #..##.##.....
#.# #. ###
##.##.##.###########.###.
#.##.##.#.. ............
#.##.##.#.# ######<###.
#.##÷##.#.## #.# #.
#......†...########.###.


You could see 2 orc priests and an orc.

Vanquished Creatures
  An eye of draining (Abyss:1)
  4 gnolls (D:3)
  4 adders
  2 worms
  5 dart slugs
  5 leopard geckos (D:1)
  9 bats
  5 giant cockroaches
  6 goblins
  7 hobgoblins
  10 jackals (D:1)
  A quokka (D:2)
  A frilled lizard (D:1)
  7 kobolds
  7 rats
74 creatures vanquished.

Notes
Turn   | Place    | Note
-------+----------+-------------------------------------------
     0 | Abyss:1  | Gargoyl the Centaur Abyssal Knight began the quest for the
                  | Orb.
     0 | Abyss:1  | Reached XP level 1. HP: 19/19 MP: 2/2
    64 | Abyss:1  | Noticed an eye of draining
    80 | Abyss:1  | Killed an eye of draining
    80 | Abyss:1  | Reached skill level 4 in Fighting
    80 | Abyss:1  | Reached XP level 2. HP: 27/27 MP: 0/3
    80 | Abyss:1  | Reached XP level 3. HP: 33/33 MP: 0/4
    80 | Abyss:1  | Reached XP level 4. HP: 40/40 MP: 0/5
    82 | Abyss:1  | Noticed a wraith
    92 | Abyss:1  | Noticed a glowing orange brain
    92 | Abyss:1  | Noticed an eye of draining
    96 | Abyss:1  | Noticed an efreet
   109 | D:1      | Escaped the Abyss
   338 | D:1      | Reached * piety under Lugonu
  1036 | D:1      | Reached XP level 5. HP: 37/46 MP: 6/6
  1256 | D:2      | Reached ** piety under Lugonu
  1504 | D:2      | Found a glowing golden altar of the Shining One.
  2257 | D:3      | Reached skill level 1 in Dodging
  3132 | D:3      | HP: 1/70 [orc priest/+1 flail of protection (9)]
  3133 | D:3      | Slain by an orc priest

Levels and vault maps discovered:
D:1:      psy_arrival_heroes, layout_basic, minmay_tripent
D:2:      layout_basic, nicolae_tso_carved_into_rock
D:3:      layout_loops_ring, first_ration
D:4:      layout_loops_cross, serial_shops, shop, portal_sewer_entry_e,
          gammafunk_ghost_split

Skill      XL: |  1  2  3  4  5 |
---------------+----------------+-----
Fighting       | 4 |  4.4
Axes           | 2 |  2.8
Armour         | 2 |  2.8
Dodging        | 1 |  1.2
Invocations    | |  2.9

Action                   |  1- 3 |  4- 6 || total
-------------------------+-------+-------++-------
Melee: Hand axe          |    13 |   222 ||   235
       Kick              |     5 |    29 ||    34
Invok: Depart the Abyss  |       |     1 ||     1
  Use: Scroll            |       |     8 ||     8
       Potion            |       |     1 ||     1
  Eat: Chunk             |       |     5 ||     5
Armor: Ring mail         |       |   111 ||   111
       Leather armour    |       |    13 ||    13
Dodge: Dodged            |       |   134 ||   134

Table legend:
 A = Non-vault XP
 B = Vault XP
 C = Vault XP percentage of total XP
 D = Non-vault monster count
 E = Vault monster count
 F = Vault count percentage of total count
                 A         B        C        D         E       F
            +---------+---------+-------+---------+---------+-------
      Total |     366 |       4 |   1.1 |      72 |       2 |   2.7
            +---------+---------+-------+---------+---------+-------
        D:1 |      69 |       4 |   5.5 |      34 |       2 |   5.6
        D:2 |      45 |       0 |   0.0 |      17 |       0 |   0.0
        D:3 |     125 |       0 |   0.0 |      20 |       0 |   0.0
    Abyss:1 |     127 |       0 |   0.0 |       1 |       0 |   0.0
            +---------+---------+-------+---------+---------+-------
